[ AOE2 MATCH · #471261809 ]
UnrankedCelts vs Bohemians
[ REPLAY ANALYSIS · EXTRACTED FROM THE RECORDED GAME ]
Feudal
10:46
Castle
18:37
Imperial
34:29
| APM avg | 36.2 |
| APM peak | 83 |
| eAPM avg | 17.8 |
| Villagers / military | 129 / 101 |
Focus
⚔️ 22.7% · 🌾 77.3%
Spearman ×42 · Woad Raider ×39 · Battering Ram ×12 · Mangonel ×6 · Trebuchet (Packed) ×2
Feudal
11:59
Castle
18:02
Imperial
30:51
| APM avg | 18.7 |
| APM peak | 52 |
| eAPM avg | 9.7 |
| Villagers / military | 75 / 55 |
Focus
⚔️ 25.9% · 🌾 74.1%
Hussite Wagon ×22 · Hand Cannoneer ×20 · Spearman ×8 · Bombard Cannon ×2 · Trebuchet (Packed) ×2 · Monk ×1
Feudal
11:19
Castle
15:27
Imperial
29:53
| APM avg | 28.5 |
| APM peak | 88 |
| eAPM avg | 19.2 |
| Villagers / military | 114 / 272 |
Focus
⚔️ 45.1% · 🌾 54.9%
Huskarl ×226 · Hand Cannoneer ×44 · Monk ×2
Feudal
—
Castle
—
Imperial
—
| APM avg | 35.3 |
| APM peak | 91 |
| eAPM avg | 20.4 |
| Villagers / military | 180 / 112 |
Focus
⚔️ 25.8% · 🌾 74.2%
Kamayuk ×58 · Skirmisher ×50 · Trebuchet (Packed) ×4
Feudal
—
Castle
—
Imperial
—
| APM avg | 29.2 |
| APM peak | 80 |
| eAPM avg | 13.3 |
| Villagers / military | 69 / 171 |
Focus
⚔️ 28.6% · 🌾 71.4%
Skirmisher ×100 · Archer ×65 · Trebuchet (Packed) ×4 · Monk ×2
Feudal
11:31
Castle
16:29
Imperial
35:02
| APM avg | 20.5 |
| APM peak | 59 |
| eAPM avg | 12.8 |
| Villagers / military | 110 / 58 |
Focus
⚔️ 22.2% · 🌾 77.8%
Scout Cavalry ×25 · Janissary ×13 · Bombard Cannon ×11 · Scorpion ×9
Feudal
10:23
Castle
15:33
Imperial
33:07
| APM avg | 45.2 |
| APM peak | 76 |
| eAPM avg | 29.4 |
| Villagers / military | 206 / 169 |
Focus
⚔️ 33.5% · 🌾 66.5%
Spearman ×76 · Scorpion ×58 · Battering Ram ×21 · Mangonel ×11 · Trebuchet (Packed) ×2 · Monk ×1
Feudal
14:26
Castle
20:35
Imperial
37:18
| APM avg | 29.9 |
| APM peak | 124 |
| eAPM avg | 22.9 |
| Villagers / military | 379 / 203 |
Focus
⚔️ 33.3% · 🌾 66.7%
Camel Scout ×108 · Skirmisher ×65 · Mangonel ×21 · Trebuchet (Packed) ×9
Match map
Initial resources + every placement click. Lines = walls · curves = elevation contours. ◆ gold · ⬟ stone · ● berries · ✦ relic · ◌ wall gap
Your base· ✓ Closed at 18:37 · 0t walls · 2 gate(s)
Barbabietola's base· ✓ Closed at 18:02 · 0t walls · 2 gate(s)
supdog's base· ✓ Closed at 15:27 · 0t walls · 2 gate(s)
cookie20003175's base· ✓ Closed at 13:49 · 0t walls · 2 gate(s)
EastAdriano87's base· ✓ Closed at 16:46 · 0t walls · 2 gate(s)
MANIACO DO PARQUE BARIGUI's base· ✓ Closed at 16:29 · 0t walls · 3 gate(s)
revolution's base· ✓ Closed at 15:33 · 0t walls · 2 gate(s)
wyl19948's base· ✓ Closed at 20:35 · 1t walls · 3 gate(s)
Smoothed initial terrain · ◌ = detected wall gap · hover for details
Inputs per minute
— HellFire - - Barbabietola
Build order — HellFire
First 150 of 316 actions detected
| 0:01 | Create | Villager (Male) |
| 0:01 | Create | Villager (Male) |
| 0:03 | Build | House |
| 0:07 | Build | House |
| 0:30 | Create | Villager (Male) |
| 0:30 | Create | Villager (Male) |
| 1:40 | Create | Villager (Male) |
| 1:40 | Create | Villager (Male) |
| 2:23 | Create | Villager (Male) |
| 2:23 | Create | Villager (Male) |
| 2:27 | Build | Lumber Camp |
| 2:52 | Create | Villager (Male) |
| 2:53 | Create | Villager (Male) |
| 3:12 | Create | Villager (Male) |
| 3:12 | Create | Villager (Male) |
| 3:13 | Create | Villager (Male) |
| 3:45 | Create | Villager (Male) |
| 3:45 | Create | Villager (Male) |
| 4:15 | Create | Villager (Male) |
| 4:24 | Build | House |
| 4:30 | Create | Villager (Male) |
| 4:30 | Create | Villager (Male) |
| 5:32 | Create | Villager (Male) |
| 5:33 | Create | Villager (Male) |
| 5:51 | Create | Villager (Male) |
| 6:27 | Create | Villager (Male) |
| 6:28 | Create | Villager (Male) |
| 6:43 | Create | Villager (Male) |
| 7:01 | Build | House |
| 7:08 | Research | Loom |
| 7:17 | Build | Mill |
| 8:11 | Create | Villager (Male) |
| 8:11 | Create | Villager (Male) |
| 8:27 | Research | Feudal Age |
| 9:22 | Build | Mining Camp |
| 9:51 | Build | Lumber Camp |
| 10:46 | Age | Feudal Age |
| 10:50 | Create | Villager (Male) |
| 10:50 | Create | Villager (Male) |
| 11:13 | Build | Market |
| 11:19 | Build | Blacksmith |
| 11:34 | Build | Market |
| 11:42 | Create | Villager (Male) |
| 11:48 | Build | Farm |
| 11:51 | Build | Farm |
| 11:52 | Build | Farm |
| 11:53 | Build | Farm |
| 11:54 | Build | Farm |
| 12:03 | Research | Horse Collar |
| 12:03 | Research | Horse Collar |
| 12:03 | Research | Horse Collar |
| 12:04 | Research | Double-Bit Axe |
| 12:04 | Research | Double-Bit Axe |
| 12:18 | Build | Farm |
| 12:28 | Create | Villager (Male) |
| 12:41 | Build | Farm |
| 13:04 | Research | Wheelbarrow |
| 13:17 | Build | House |
| 13:24 | Build | House |
| 13:36 | Create | Villager (Male) |
| 14:46 | Create | Villager (Male) |
| 14:52 | Build | Farm |
| 14:53 | Build | Farm |
| 15:18 | Build | Mining Camp |
| 15:26 | Build | Farm |
| 15:32 | Create | Villager (Male) |
| 15:57 | Research | Castle Age |
| 15:57 | Research | Castle Age |
| 16:06 | Build | Barracks |
| 17:08 | Create | Villager (Male) |
| 17:08 | Create | Villager (Male) |
| 18:14 | Build | Archery Range |
| 18:37 | Age | Castle Age |
| 18:40 | Create | Villager (Male) |
| 18:41 | Create | Villager (Male) |
| 18:41 | Create | Villager (Male) |
| 18:46 | Build | Town Center |
| 19:05 | Build | Siege Workshop |
| 19:46 | Build | Town Center |
| 19:48 | Create | Villager (Male) |
| 19:49 | Create | Villager (Male) |
| 19:59 | Build | House |
| 20:01 | Build | House |
| 20:02 | Build | House |
| 20:09 | Create | Villager (Male) |
| 20:09 | Create | Villager (Male) |
| 20:11 | Create | Villager (Male) |
| 20:12 | Create | Villager (Male) |
| 20:19 | Build | Farm |
| 20:33 | Create | Villager (Male) |
| 20:33 | Create | Villager (Male) |
| 20:45 | Create | Villager (Male) |
| 20:46 | Create | Villager (Male) |
| 20:46 | Create | Villager (Male) |
| 20:46 | Create | Villager (Male) |
| 20:47 | Create | Villager (Male) |
| 20:48 | Create | Villager (Male) |
| 20:48 | Create | Villager (Male) |
| 20:48 | Create | Villager (Male) |
| 20:49 | Create | Villager (Male) |
| 20:49 | Create | Villager (Male) |
| 20:49 | Create | Villager (Male) |
| 20:50 | Create | Villager (Male) |
| 20:50 | Create | Villager (Male) |
| 20:50 | Create | Villager (Male) |
| 20:56 | Build | Farm |
| 20:57 | Build | Farm |
| 20:57 | Build | Farm |
| 21:23 | Research | Bow Saw |
| 21:24 | Research | Bow Saw |
| 21:45 | Build | Lumber Camp |
| 21:53 | Create | Villager (Male) |
| 21:53 | Create | Villager (Male) |
| 21:54 | Create | Villager (Male) |
| 21:54 | Create | Villager (Male) |
| 21:55 | Create | Villager (Male) |
| 22:02 | Create | Villager (Male) |
| 22:02 | Create | Villager (Male) |
| 22:03 | Create | Villager (Male) |
| 22:09 | Research | Heavy Plow |
| 22:09 | Research | Heavy Plow |
| 22:10 | Research | Heavy Plow |
| 22:13 | Create | Villager (Male) |
| 22:14 | Create | Villager (Male) |
| 22:14 | Create | Villager (Male) |
| 22:14 | Create | Villager (Male) |
| 22:15 | Create | Villager (Male) |
| 22:27 | Build | Farm |
| 22:54 | Create | Villager (Male) |
| 22:54 | Create | Villager (Male) |
| 23:04 | Create | Villager (Male) |
| 23:04 | Create | Villager (Male) |
| 23:05 | Create | Villager (Male) |
| 23:05 | Create | Villager (Male) |
| 23:07 | Create | Villager (Male) |
| 23:08 | Create | Villager (Male) |
| 23:19 | Create | Villager (Male) |
| 23:19 | Create | Villager (Male) |
| 23:27 | Build | Farm |
| 23:28 | Build | Farm |
| 23:29 | Build | Farm |
| 23:33 | Build | Farm |
| 23:34 | Build | Farm |
| 23:37 | Build | Farm |
| 23:37 | Build | Farm |
| 23:39 | Build | Farm |
| 23:40 | Build | Mill |
| 23:48 | Create | Mangonel |
| 23:56 | Build | House |
| 23:57 | Build | House |
Build order — Barbabietola
First 150 of 183 actions detected
| 0:01 | Create | Villager (Male) |
| 0:02 | Create | Villager (Male) |
| 0:02 | Create | Villager (Male) |
| 0:02 | Create | Villager (Male) |
| 0:04 | Build | House |
| 0:06 | Build | House |
| 1:25 | Create | Villager (Male) |
| 1:48 | Build | Lumber Camp |
| 2:07 | Create | Villager (Male) |
| 2:20 | Create | Villager (Male) |
| 2:54 | Create | Villager (Male) |
| 3:19 | Create | Villager (Male) |
| 3:30 | Build | House |
| 3:35 | Build | House |
| 3:47 | Create | Villager (Male) |
| 3:58 | Create | Villager (Male) |
| 4:19 | Build | Mill |
| 4:29 | Create | Villager (Male) |
| 4:29 | Create | Villager (Male) |
| 5:03 | Create | Villager (Male) |
| 5:30 | Create | Villager (Male) |
| 5:30 | Create | Villager (Male) |
| 5:35 | Create | Villager (Male) |
| 6:09 | Create | Villager (Male) |
| 6:24 | Create | Villager (Male) |
| 6:36 | Create | Villager (Male) |
| 6:56 | Build | Lumber Camp |
| 6:59 | Create | Villager (Male) |
| 7:18 | Create | Villager (Male) |
| 7:37 | Create | Villager (Male) |
| 8:06 | Build | House |
| 8:41 | Create | Villager (Male) |
| 8:59 | Build | Mining Camp |
| 9:18 | Create | Villager (Male) |
| 9:49 | Research | Feudal Age |
| 9:55 | Build | Barracks |
| 10:20 | Build | House |
| 10:32 | Create | Villager (Male) |
| 11:08 | Build | Mill |
| 11:41 | Build | Farm |
| 11:49 | Build | Farm |
| 11:49 | Build | Farm |
| 11:49 | Build | Farm |
| 11:49 | Build | Farm |
| 11:58 | Build | Farm |
| 11:59 | Age | Feudal Age |
| 12:10 | Build | Blacksmith |
| 12:25 | Create | Villager (Male) |
| 12:34 | Build | Market |
| 12:42 | Build | Farm |
| 12:47 | Create | Villager (Male) |
| 13:14 | Build | Farm |
| 13:14 | Build | Farm |
| 13:15 | Build | Farm |
| 13:15 | Build | Farm |
| 13:20 | Create | Villager (Male) |
| 13:44 | Build | Farm |
| 14:07 | Create | Villager (Male) |
| 14:24 | Create | Villager (Male) |
| 14:32 | Build | Farm |
| 15:18 | Build | Farm |
| 15:22 | Research | Castle Age |
| 15:53 | Build | Archery Range |
| 15:57 | Build | House |
| 16:37 | Create | Villager (Male) |
| 16:47 | Research | Double-Bit Axe |
| 16:50 | Research | Horse Collar |
| 17:20 | Build | Mining Camp |
| 17:53 | Create | Villager (Male) |
| 18:02 | Age | Castle Age |
| 18:06 | Build | House |
| 18:10 | Build | House |
| 18:11 | Build | House |
| 18:12 | Build | House |
| 18:16 | Create | Villager (Male) |
| 19:05 | Create | Villager (Male) |
| 19:05 | Create | Villager (Male) |
| 19:15 | Build | Town Center |
| 19:25 | Create | Villager (Male) |
| 19:25 | Create | Villager (Male) |
| 19:36 | Research | Bow Saw |
| 19:49 | Build | Farm |
| 19:54 | Create | Villager (Male) |
| 20:08 | Create | Villager (Male) |
| 21:19 | Research | Loom |
| 21:22 | Research | Wheelbarrow |
| 21:32 | Build | Farm |
| 21:37 | Create | Villager (Male) |
| 21:39 | Create | Villager (Male) |
| 21:39 | Create | Villager (Male) |
| 21:54 | Build | Mining Camp |
| 21:59 | Create | Villager (Male) |
| 22:31 | Create | Villager (Male) |
| 22:47 | Build | Monastery |
| 22:50 | Create | Villager (Male) |
| 22:57 | Research | Heavy Plow |
| 23:15 | Create | Villager (Male) |
| 23:31 | Build | Castle |
| 23:36 | Create | Monk |
| 23:40 | Create | Villager (Male) |
| 23:40 | Create | Villager (Male) |
| 23:57 | Build | Barracks |
| 24:16 | Build | Watch Tower |
| 24:28 | Create | Villager (Male) |
| 24:28 | Create | Villager (Male) |
| 24:50 | Research | Sanctity |
| 24:51 | Research | Fervor |
| 25:08 | Build | Archery Range |
| 25:17 | Build | Town Center |
| 25:24 | Research | Town Watch |
| 25:28 | Create | Villager (Male) |
| 25:29 | Create | Villager (Male) |
| 25:35 | Research | Fletching |
| 25:36 | Research | Forging |
| 25:52 | Create | Spearman |
| 25:52 | Create | Spearman |
| 25:52 | Create | Spearman |
| 25:53 | Research | Squires |
| 26:54 | Create | Hussite Wagon |
| 26:54 | Create | Hussite Wagon |
| 26:54 | Create | Hussite Wagon |
| 26:55 | Create | Hussite Wagon |
| 27:09 | Build | Watch Tower |
| 27:12 | Research | Pikeman (upgrade) |
| 27:26 | Build | Mining Camp |
| 27:32 | Create | Villager (Male) ×5 |
| 27:41 | Research | Imperial Age |
| 28:08 | Build | University |
| 28:15 | Create | Villager (Male) ×5 |
| 28:26 | Create | Spearman ×5 |
| 28:39 | Research | Bodkin Arrow |
| 29:03 | Build | Siege Workshop |
| 29:09 | Create | Villager (Male) |
| 29:10 | Create | Villager (Male) |
| 29:42 | Build | Castle |
| 30:19 | Create | Villager (Male) |
| 30:19 | Create | Villager (Male) |
| 30:49 | Research | Hand Cart |
| 30:51 | Age | Imperial Age |
| 30:55 | Create | Trebuchet (Packed) |
| 30:55 | Create | Trebuchet (Packed) |
| 31:05 | Research | Chemistry |
| 31:05 | Research | Ballistics |
| 31:29 | Build | Stable |
| 31:58 | Create | Villager (Male) |
| 31:58 | Create | Villager (Male) |
| 31:58 | Create | Villager (Male) |
| 32:24 | Research | Masonry |
| 33:35 | Research | Elite Hussite Wagon (upgrade) |
| 34:08 | Create | Hand Cannoneer ×5 |
Build order — supdog
First 150 of 580 actions detected
| 0:01 | Create | Villager (Male) |
| 0:01 | Create | Villager (Male) |
| 0:02 | Create | Villager (Male) |
| 0:04 | Build | House |
| 0:06 | Build | House |
| 0:21 | Create | Villager (Male) |
| 1:28 | Create | Villager (Male) |
| 1:58 | Build | Lumber Camp |
| 2:02 | Create | Villager (Male) |
| 2:27 | Create | Villager (Male) |
| 2:51 | Create | Villager (Male) |
| 3:05 | Create | Villager (Male) |
| 3:39 | Create | Villager (Male) |
| 3:56 | Build | House |
| 4:02 | Create | Villager (Male) |
| 4:26 | Create | Villager (Male) |
| 4:28 | Build | Mill |
| 4:46 | Build | House |
| 4:47 | Build | House |
| 5:20 | Create | Villager (Male) |
| 5:20 | Create | Villager (Male) |
| 5:21 | Create | Villager (Male) |
| 5:27 | Build | House |
| 5:42 | Create | Villager (Male) |
| 6:05 | Build | Mill |
| 6:11 | Create | Villager (Male) |
| 6:37 | Create | Villager (Male) |
| 7:01 | Create | Villager (Male) |
| 7:01 | Create | Villager (Male) |
| 7:55 | Create | Villager (Male) |
| 8:00 | Build | Mining Camp |
| 8:42 | Create | Villager (Male) |
| 9:09 | Research | Feudal Age |
| 9:58 | Build | Farm |
| 10:10 | Build | Farm |
| 10:45 | Create | Villager (Male) |
| 10:45 | Create | Villager (Male) |
| 11:19 | Age | Feudal Age |
| 11:25 | Build | Market |
| 11:29 | Build | Blacksmith |
| 12:19 | Create | Villager (Male) |
| 12:47 | Research | Castle Age |
| 12:52 | Research | Double-Bit Axe |
| 13:23 | Research | Horse Collar |
| 13:42 | Build | Farm |
| 14:23 | Create | Villager (Male) |
| 14:23 | Create | Villager (Male) |
| 14:34 | Build | Mining Camp |
| 14:43 | Create | Villager (Male) |
| 14:55 | Build | Farm |
| 14:59 | Build | Farm |
| 15:27 | Age | Castle Age |
| 15:30 | Build | Town Center |
| 15:42 | Build | Monastery |
| 15:54 | Build | Town Center |
| 16:00 | Create | Villager (Male) |
| 16:25 | Build | Farm |
| 16:29 | Build | House |
| 16:37 | Create | Monk |
| 16:45 | Create | Villager (Male) |
| 16:48 | Build | Farm |
| 16:52 | Create | Villager (Male) |
| 16:52 | Create | Villager (Male) |
| 17:01 | Build | Farm |
| 17:04 | Build | Farm |
| 17:07 | Build | Farm |
| 17:13 | Create | Villager (Male) |
| 17:16 | Create | Villager (Male) |
| 17:22 | Create | Villager (Male) |
| 17:27 | Build | Farm |
| 17:36 | Build | House |
| 17:49 | Create | Monk |
| 17:56 | Create | Villager (Male) |
| 17:57 | Create | Villager (Male) |
| 18:04 | Build | Farm |
| 18:07 | Build | Farm |
| 18:19 | Build | Farm |
| 18:23 | Build | Farm |
| 18:24 | Build | Farm |
| 18:27 | Create | Villager (Male) |
| 18:27 | Create | Villager (Male) |
| 18:38 | Build | Farm |
| 18:40 | Create | Villager (Male) |
| 18:43 | Build | House |
| 18:45 | Build | House |
| 18:57 | Create | Villager (Male) |
| 19:04 | Build | Farm |
| 19:09 | Build | Farm |
| 19:10 | Build | Farm |
| 19:13 | Create | Villager (Male) |
| 19:16 | Create | Villager (Male) |
| 19:27 | Build | Farm |
| 19:29 | Build | Farm |
| 19:33 | Create | Villager (Male) |
| 19:34 | Create | Villager (Male) |
| 19:35 | Create | Villager (Male) |
| 19:39 | Build | Farm |
| 20:15 | Create | Villager (Male) |
| 20:15 | Create | Villager (Male) |
| 20:15 | Create | Villager (Male) |
| 20:16 | Create | Villager (Male) |
| 20:20 | Build | Farm |
| 20:24 | Build | House |
| 20:25 | Build | House |
| 20:28 | Create | Villager (Male) |
| 20:28 | Create | Villager (Male) |
| 20:41 | Create | Villager (Male) |
| 20:42 | Create | Villager (Male) |
| 20:47 | Build | Farm |
| 20:48 | Build | Farm |
| 20:49 | Build | Farm |
| 20:53 | Create | Villager (Male) |
| 20:59 | Create | Villager (Male) |
| 21:02 | Create | Villager (Male) |
| 21:04 | Create | Villager (Male) |
| 21:11 | Build | Farm |
| 21:48 | Research | Fervor |
| 21:49 | Create | Villager (Male) |
| 21:49 | Create | Villager (Male) |
| 21:49 | Create | Villager (Male) |
| 21:52 | Build | Farm |
| 21:54 | Build | Farm |
| 21:57 | Build | House |
| 21:58 | Build | House |
| 22:21 | Build | Farm |
| 22:24 | Create | Villager (Male) |
| 22:24 | Create | Villager (Male) |
| 22:26 | Create | Villager (Male) |
| 22:27 | Create | Villager (Male) |
| 22:27 | Create | Villager (Male) |
| 22:35 | Create | Villager (Male) |
| 22:35 | Create | Villager (Male) |
| 22:35 | Create | Villager (Male) |
| 22:39 | Research | Loom |
| 22:39 | Research | Wheelbarrow |
| 22:40 | Create | Villager (Male) |
| 22:40 | Create | Villager (Male) |
| 23:05 | Build | Farm |
| 23:07 | Build | Farm |
| 23:10 | Build | House |
| 23:11 | Build | House |
| 23:13 | Create | Villager (Male) |
| 23:13 | Create | Villager (Male) |
| 23:14 | Create | Villager (Male) |
| 23:29 | Build | Farm |
| 23:31 | Create | Villager (Male) |
| 23:38 | Create | Villager (Male) |
| 23:55 | Build | Farm |
| 23:57 | Create | Villager (Male) |
| 24:03 | Research | Bow Saw |
Build order — cookie20003175
First 150 of 393 actions detected
| 0:02 | Create | Villager (Male) |
| 0:02 | Create | Villager (Male) |
| 0:02 | Create | Villager (Male) |
| 0:03 | Create | Villager (Male) |
| 0:05 | Build | House |
| 0:07 | Build | House |
| 1:33 | Create | Villager (Male) |
| 1:43 | Create | Villager (Male) |
| 1:43 | Create | Villager (Male) |
| 1:55 | Build | Settlement |
| 2:13 | Create | Villager (Male) |
| 2:52 | Create | Villager (Male) |
| 3:09 | Create | Villager (Male) |
| 3:32 | Create | Villager (Male) |
| 4:04 | Create | Villager (Male) |
| 4:14 | Create | Villager (Male) |
| 4:30 | Create | Villager (Male) |
| 4:30 | Create | Villager (Male) |
| 5:07 | Create | Villager (Male) |
| 5:38 | Create | Villager (Male) |
| 5:58 | Create | Villager (Male) |
| 6:17 | Create | Villager (Male) |
| 6:32 | Create | Villager (Male) |
| 6:58 | Create | Villager (Male) |
| 7:53 | Create | Villager (Male) |
| 8:02 | Research | Feudal Age |
| 8:36 | Build | Settlement |
| 8:57 | Build | Settlement |
| 9:49 | Create | Villager (Male) |
| 10:03 | Create | Villager (Male) |
| 10:24 | Build | Farm |
| 10:27 | Build | Farm |
| 10:30 | Build | Farm |
| 10:34 | Create | Villager (Male) |
| 10:42 | Build | Blacksmith |
| 10:53 | Build | Market |
| 10:55 | Create | Villager (Male) |
| 11:04 | Build | Farm |
| 11:06 | Build | Farm |
| 11:07 | Create | Villager (Male) |
| 11:24 | Build | Farm |
| 11:50 | Build | Farm |
| 12:05 | Create | Villager (Male) |
| 12:40 | Build | Farm |
| 12:42 | Create | Villager (Male) |
| 13:05 | Build | Farm |
| 13:07 | Create | Villager (Male) |
| 13:11 | Build | Farm |
| 13:49 | Research | Castle Age |
| 14:07 | Research | Horse Collar |
| 14:28 | Research | Double-Bit Axe |
| 15:41 | Build | Farm |
| 16:25 | Create | Villager (Male) |
| 16:35 | Build | Town Center |
| 16:40 | Create | Villager (Male) |
| 16:50 | Build | Town Center |
| 16:59 | Research | Heavy Plow |
| 17:00 | Research | Bow Saw |
| 17:06 | Research | Bow Saw |
| 17:08 | Create | Villager (Male) |
| 17:39 | Build | Farm |
| 17:40 | Build | Farm |
| 17:43 | Build | Farm |
| 17:44 | Build | Farm |
| 17:44 | Build | Farm |
| 17:46 | Create | Villager (Male) |
| 18:08 | Create | Villager (Male) |
| 18:40 | Create | Villager (Male) |
| 18:51 | Create | Villager (Male) |
| 18:54 | Create | Villager (Male) |
| 19:01 | Create | Villager (Male) |
| 19:01 | Create | Villager (Male) |
| 19:05 | Research | Wheelbarrow |
| 19:06 | Create | Villager (Male) |
| 19:08 | Create | Villager (Male) |
| 19:13 | Create | Villager (Male) |
| 19:14 | Create | Villager (Male) |
| 19:24 | Create | Villager (Male) |
| 19:30 | Build | Farm |
| 19:40 | Create | Villager (Male) |
| 19:44 | Build | Farm |
| 19:45 | Create | Villager (Male) |
| 19:48 | Build | Farm |
| 19:55 | Create | Villager (Male) |
| 20:02 | Build | Farm |
| 20:03 | Build | Farm |
| 20:03 | Build | Farm |
| 20:09 | Create | Villager (Male) |
| 20:23 | Create | Villager (Male) |
| 20:27 | Build | Farm |
| 20:31 | Build | Farm |
| 20:35 | Research | Hand Cart |
| 20:55 | Build | Settlement |
| 20:58 | Create | Villager (Male) |
| 21:01 | Create | Villager (Male) |
| 21:01 | Create | Villager (Male) |
| 21:06 | Create | Villager (Male) |
| 21:19 | Create | Villager (Male) |
| 21:20 | Create | Villager (Male) |
| 21:29 | Build | Farm |
| 21:34 | Build | Farm |
| 21:36 | Build | Farm |
| 21:37 | Build | Farm |
| 21:41 | Build | Farm |
| 21:41 | Build | Farm |
| 21:41 | Build | Farm |
| 21:44 | Build | Farm |
| 21:48 | Create | Villager (Male) |
| 21:51 | Build | Farm |
| 22:08 | Build | Farm |
| 22:14 | Build | Farm |
| 22:16 | Create | Villager (Male) |
| 22:17 | Create | Villager (Male) |
| 22:18 | Create | Villager (Male) |
| 22:20 | Create | Villager (Male) |
| 22:27 | Create | Villager (Male) |
| 22:28 | Create | Villager (Male) |
| 22:36 | Create | Villager (Male) |
| 22:37 | Create | Villager (Male) |
| 22:39 | Create | Villager (Male) |
| 22:45 | Research | Stone Mining |
| 22:47 | Create | Villager (Male) |
| 22:50 | Create | Villager (Male) |
| 22:52 | Create | Villager (Male) |
| 22:58 | Build | House |
| 23:00 | Build | House |
| 23:00 | Build | House |
| 23:01 | Build | House |
| 23:05 | Create | Villager (Male) |
| 23:06 | Create | Villager (Male) |
| 23:08 | Create | Villager (Male) |
| 23:14 | Build | Farm |
| 23:16 | Create | Villager (Male) |
| 23:21 | Research | Stone Shaft Mining |
| 23:22 | Create | Villager (Male) |
| 23:23 | Create | Villager (Male) |
| 23:35 | Create | Villager (Male) |
| 23:36 | Create | Villager (Male) |
| 23:36 | Create | Villager (Male) |
| 23:37 | Create | Villager (Male) |
| 23:43 | Create | Villager (Male) |
| 23:56 | Build | Farm |
| 23:57 | Build | Farm |
| 23:57 | Build | Farm |
| 23:57 | Build | Farm |
| 23:57 | Build | Farm |
| 23:58 | Build | Farm |
| 24:00 | Create | Villager (Male) |
| 24:01 | Create | Villager (Male) |
| 24:01 | Create | Villager (Male) |
Build order — EastAdriano87
First 150 of 225 actions detected
| 0:02 | Build | House |
| 0:03 | Build | House |
| 0:04 | Create | Villager (Male) |
| 0:04 | Create | Villager (Male) |
| 0:04 | Create | Villager (Male) |
| 0:04 | Create | Villager (Male) |
| 0:49 | Build | House |
| 1:33 | Create | Villager (Male) |
| 2:20 | Create | Villager (Male) |
| 2:20 | Create | Villager (Male) |
| 2:20 | Create | Villager (Male) |
| 2:47 | Build | Lumber Camp |
| 2:55 | Create | Villager (Male) |
| 2:55 | Create | Villager (Male) |
| 3:37 | Create | Villager (Male) |
| 3:38 | Create | Villager (Male) |
| 4:29 | Create | Villager (Male) |
| 4:29 | Create | Villager (Male) |
| 4:56 | Build | Mill |
| 5:24 | Create | Villager (Male) |
| 5:26 | Build | House |
| 6:03 | Create | Villager (Male) |
| 6:03 | Create | Villager (Male) |
| 6:30 | Create | Villager (Male) |
| 6:35 | Create | Villager (Male) |
| 7:24 | Build | Mining Camp |
| 7:45 | Create | Villager (Male) |
| 8:02 | Create | Villager (Male) |
| 8:13 | Build | House |
| 8:16 | Build | Mining Camp |
| 8:27 | Build | Mining Camp |
| 8:32 | Create | Villager (Male) |
| 8:58 | Create | Villager (Male) |
| 9:12 | Research | Feudal Age |
| 10:26 | Build | Barracks |
| 10:36 | Build | House |
| 10:49 | Build | House |
| 10:51 | Build | House |
| 11:36 | Build | Market |
| 11:38 | Research | Wheelbarrow |
| 11:41 | Research | Loom |
| 11:44 | Research | Double-Bit Axe |
| 11:48 | Research | Horse Collar |
| 11:59 | Build | Blacksmith |
| 12:16 | Create | Villager (Male) |
| 12:45 | Build | Farm |
| 12:49 | Build | Farm |
| 13:07 | Build | Farm |
| 13:14 | Create | Villager (Male) |
| 13:20 | Create | Villager (Male) |
| 13:24 | Build | Farm |
| 13:38 | Build | Farm |
| 13:55 | Create | Villager (Male) |
| 14:12 | Build | Farm |
| 14:23 | Create | Villager (Male) |
| 14:34 | Build | Farm |
| 14:39 | Build | Farm |
| 14:42 | Build | Farm |
| 14:47 | Create | Villager (Male) |
| 14:59 | Build | Farm |
| 15:04 | Build | Farm |
| 15:08 | Build | Farm |
| 15:17 | Create | Villager (Male) |
| 15:17 | Create | Villager (Male) |
| 15:24 | Build | Farm |
| 16:12 | Create | Villager (Male) |
| 16:46 | Research | Castle Age |
| 17:08 | Build | Archery Range |
| 17:11 | Build | House |
| 18:06 | Build | House |
| 18:07 | Build | House |
| 18:52 | Build | House |
| 19:01 | Build | House |
| 19:03 | Build | House |
| 19:08 | Build | House |
| 19:19 | Research | Fletching |
| 19:20 | Research | Padded Archer Armor |
| 19:29 | Build | Castle |
| 19:44 | Research | Hand Cart |
| 19:46 | Research | Bow Saw |
| 19:47 | Research | Heavy Plow |
| 19:58 | Build | University |
| 20:07 | Research | Elite Skirmisher (upgrade) |
| 20:08 | Create | Skirmisher ×5 |
| 20:25 | Build | Monastery |
| 20:31 | Create | Villager (Male) |
| 20:34 | Research | Town Watch |
| 20:37 | Create | Villager (Male) |
| 20:44 | Build | Farm |
| 20:46 | Build | Farm |
| 20:50 | Build | Farm |
| 20:54 | Build | Farm |
| 20:59 | Build | Farm |
| 21:05 | Create | Villager (Male) |
| 21:27 | Build | Archery Range |
| 21:32 | Build | Mining Camp |
| 21:39 | Create | Villager (Male) |
| 21:41 | Research | Bodkin Arrow |
| 21:48 | Create | Villager (Male) |
| 21:54 | Create | Monk |
| 22:17 | Create | Villager (Male) |
| 22:20 | Build | Lumber Camp |
| 22:48 | Create | Skirmisher |
| 22:54 | Create | Villager (Male) |
| 22:54 | Create | Villager (Male) |
| 22:55 | Create | Villager (Male) |
| 23:19 | Research | Ballistics |
| 23:19 | Research | Ballistics |
| 23:42 | Create | Skirmisher |
| 23:42 | Create | Skirmisher |
| 23:43 | Create | Skirmisher |
| 24:17 | Research | Town Patrol |
| 24:23 | Research | Leather Archer Armor |
| 24:27 | Create | Villager (Male) |
| 24:28 | Create | Villager (Male) |
| 24:28 | Create | Villager (Male) |
| 24:49 | Build | Outpost |
| 25:29 | Create | Skirmisher |
| 25:30 | Create | Skirmisher |
| 25:30 | Create | Skirmisher |
| 26:04 | Create | Skirmisher ×5 |
| 26:52 | Research | Imperial Age |
| 27:10 | Create | Monk |
| 27:25 | Research | Crossbowman (upgrade) |
| 27:29 | Create | Archer |
| 27:42 | Research | Thumb Ring |
| 28:04 | Create | Archer |
| 28:10 | Create | Archer |
| 28:12 | Create | Archer |
| 28:33 | Create | Skirmisher |
| 28:37 | Create | Skirmisher ×5 |
| 30:21 | Create | Trebuchet (Packed) |
| 30:31 | Research | Arbalester (upgrade) |
| 30:33 | Research | Imperial Skirmisher (upgrade) |
| 30:38 | Create | Skirmisher ×5 |
| 30:41 | Create | Villager (Male) ×5 |
| 30:41 | Create | Villager (Male) ×5 |
| 31:03 | Research | Bracer |
| 31:35 | Create | Trebuchet (Packed) |
| 31:47 | Create | Skirmisher |
| 32:00 | Research | Chemistry |
| 32:04 | Create | Villager (Male) ×4 |
| 33:11 | Build | House |
| 34:03 | Create | Skirmisher ×5 |
| 34:03 | Create | Archer ×5 |
| 34:05 | Create | Skirmisher ×5 |
| 34:14 | Build | House |
| 34:15 | Build | House |
| 34:16 | Build | House |
| 34:16 | Build | House |
Build order — MANIACO DO PARQUE BARIGUI
First 150 of 279 actions detected
| 0:01 | Create | Villager (Male) |
| 0:02 | Create | Villager (Male) |
| 0:02 | Create | Villager (Male) |
| 0:02 | Create | Villager (Male) |
| 0:02 | Create | Villager (Male) |
| 0:05 | Build | House |
| 0:11 | Build | House |
| 0:12 | Build | House |
| 0:13 | Build | House |
| 0:50 | Research | Loom |
| 1:42 | Create | Villager (Male) |
| 1:43 | Create | Villager (Male) |
| 2:10 | Create | Villager (Male) |
| 2:10 | Create | Villager (Male) |
| 2:31 | Create | Villager (Male) |
| 2:31 | Create | Villager (Male) |
| 3:00 | Build | Mill |
| 3:17 | Create | Villager (Male) |
| 3:36 | Create | Villager (Male) |
| 3:37 | Create | Villager (Male) |
| 4:08 | Create | Villager (Male) |
| 4:09 | Create | Villager (Male) |
| 4:25 | Create | Villager (Male) |
| 4:25 | Create | Villager (Male) |
| 4:40 | Create | Villager (Male) |
| 4:40 | Create | Villager (Male) |
| 5:08 | Create | Villager (Male) |
| 5:09 | Create | Villager (Male) |
| 5:15 | Create | Villager (Male) |
| 5:43 | Create | Villager (Male) |
| 5:43 | Create | Villager (Male) |
| 5:44 | Create | Villager (Male) |
| 5:44 | Create | Villager (Male) |
| 6:27 | Create | Villager (Male) |
| 6:27 | Create | Villager (Male) |
| 6:28 | Create | Villager (Male) |
| 6:59 | Create | Villager (Male) |
| 7:06 | Create | Villager (Male) |
| 7:06 | Create | Villager (Male) |
| 7:07 | Create | Villager (Male) |
| 7:28 | Create | Villager (Male) |
| 7:35 | Create | Villager (Male) |
| 7:35 | Create | Villager (Male) |
| 8:16 | Create | Villager (Male) |
| 8:18 | Create | Villager (Male) |
| 8:44 | Create | Villager (Male) |
| 8:49 | Build | Lumber Camp |
| 9:14 | Build | Lumber Camp |
| 9:21 | Research | Feudal Age |
| 9:31 | Build | Mining Camp |
| 9:37 | Build | Farm |
| 10:00 | Build | Farm |
| 10:24 | Build | House |
| 11:31 | Age | Feudal Age |
| 11:36 | Build | Market |
| 11:41 | Build | Blacksmith |
| 12:09 | Build | Farm |
| 12:26 | Build | Farm |
| 13:49 | Research | Castle Age |
| 14:04 | Build | Mining Camp |
| 15:11 | Research | Horse Collar |
| 15:12 | Research | Double-Bit Axe |
| 15:25 | Research | Wheelbarrow |
| 16:29 | Age | Castle Age |
| 16:32 | Build | Town Center |
| 16:44 | Build | Town Center |
| 16:52 | Research | Bow Saw |
| 16:55 | Research | Heavy Plow |
| 17:18 | Build | Farm |
| 17:27 | Create | Villager (Male) |
| 17:58 | Create | Villager (Male) |
| 17:59 | Create | Villager (Male) |
| 18:15 | Build | Farm |
| 18:20 | Build | Farm |
| 18:21 | Build | Farm |
| 18:28 | Build | Farm |
| 18:32 | Build | Farm |
| 18:39 | Research | Town Watch |
| 18:45 | Build | Farm |
| 19:10 | Create | Villager (Male) |
| 19:18 | Build | Farm |
| 19:26 | Create | Villager (Male) |
| 19:40 | Build | Farm |
| 19:41 | Build | Farm |
| 19:48 | Build | House |
| 19:49 | Build | House |
| 19:57 | Create | Villager (Male) |
| 19:58 | Create | Villager (Male) |
| 20:01 | Create | Villager (Male) |
| 20:11 | Build | Farm |
| 20:14 | Create | Villager (Male) |
| 20:19 | Create | Villager (Male) |
| 20:25 | Create | Villager (Male) |
| 20:44 | Create | Villager (Male) |
| 20:58 | Build | Town Center |
| 21:05 | Create | Villager (Male) |
| 21:06 | Create | Villager (Male) |
| 21:12 | Build | House |
| 21:13 | Build | House |
| 21:42 | Build | Town Center |
| 21:54 | Create | Villager (Male) |
| 22:02 | Research | Hand Cart |
| 22:11 | Create | Villager (Male) |
| 22:12 | Create | Villager (Male) |
| 22:12 | Create | Villager (Male) |
| 22:19 | Build | House |
| 22:21 | Build | House |
| 22:31 | Create | Villager (Male) |
| 22:32 | Create | Villager (Male) |
| 22:45 | Create | Villager (Male) |
| 22:45 | Create | Villager (Male) |
| 22:53 | Build | Farm |
| 22:55 | Build | Farm |
| 22:59 | Build | Farm |
| 23:02 | Build | Farm |
| 23:05 | Create | Villager (Male) |
| 23:05 | Create | Villager (Male) |
| 23:19 | Build | Farm |
| 23:27 | Build | House |
| 23:27 | Build | House |
| 23:32 | Create | Villager (Male) |
| 23:32 | Create | Villager (Male) |
| 23:41 | Build | Barracks |
| 23:47 | Create | Villager (Male) |
| 23:48 | Create | Villager (Male) |
| 23:51 | Create | Villager (Male) |
| 23:55 | Create | Villager (Male) |
| 23:58 | Build | Farm |
| 23:59 | Build | Farm |
| 24:00 | Build | Farm |
| 24:16 | Create | Villager (Male) |
| 24:16 | Create | Villager (Male) |
| 24:31 | Build | Blacksmith |
| 24:36 | Create | Villager (Male) |
| 24:36 | Create | Villager (Male) |
| 24:37 | Create | Villager (Male) |
| 24:37 | Create | Villager (Male) |
| 24:37 | Create | Villager (Male) |
| 24:51 | Build | House |
| 24:53 | Build | House |
| 24:54 | Build | House |
| 24:56 | Build | House |
| 25:06 | Build | Stable |
| 25:07 | Build | Stable |
| 25:14 | Create | Villager (Male) |
| 25:15 | Create | Villager (Male) |
| 25:15 | Create | Villager (Male) |
| 25:15 | Create | Villager (Male) |
| 25:16 | Create | Villager (Male) |
| 25:16 | Create | Villager (Male) |
Build order — revolution
First 150 of 517 actions detected
| 0:03 | Build | House |
| 0:05 | Build | House |
| 0:08 | Create | Villager (Male) |
| 0:08 | Create | Villager (Male) |
| 0:08 | Create | Villager (Male) |
| 0:09 | Create | Villager (Male) |
| 1:29 | Create | Villager (Male) |
| 1:30 | Create | Villager (Male) |
| 1:58 | Build | Lumber Camp |
| 2:05 | Create | Villager (Male) |
| 2:12 | Create | Villager (Male) |
| 3:02 | Create | Villager (Male) |
| 3:03 | Create | Villager (Male) |
| 3:27 | Create | Villager (Male) |
| 3:27 | Create | Villager (Male) |
| 3:31 | Build | House |
| 3:48 | Create | Villager (Male) |
| 4:11 | Build | Mill |
| 4:18 | Create | Villager (Male) |
| 4:20 | Create | Villager (Male) |
| 4:20 | Create | Villager (Male) |
| 5:07 | Create | Villager (Male) |
| 5:26 | Create | Villager (Male) |
| 5:38 | Create | Villager (Male) |
| 5:38 | Create | Villager (Male) |
| 5:47 | Create | Villager (Male) |
| 5:47 | Create | Villager (Male) |
| 6:03 | Build | House |
| 6:17 | Create | Villager (Male) |
| 6:54 | Create | Villager (Male) |
| 6:55 | Create | Villager (Male) |
| 6:55 | Create | Villager (Male) |
| 6:55 | Create | Villager (Male) |
| 7:04 | Create | Villager (Male) |
| 7:04 | Create | Villager (Male) |
| 7:04 | Create | Villager (Male) |
| 7:09 | Create | Villager (Male) |
| 7:17 | Build | Farm |
| 7:24 | Build | Mining Camp |
| 7:36 | Create | Villager (Male) |
| 7:42 | Build | House |
| 7:48 | Build | House |
| 7:50 | Create | Villager (Male) |
| 8:13 | Research | Feudal Age |
| 10:21 | Create | Villager (Male) |
| 10:22 | Create | Villager (Male) |
| 10:22 | Create | Villager (Male) |
| 10:22 | Create | Villager (Male) |
| 10:22 | Create | Villager (Male) |
| 10:23 | Create | Villager (Male) |
| 10:23 | Age | Feudal Age |
| 10:30 | Build | Market |
| 10:36 | Build | Blacksmith |
| 11:49 | Create | Villager (Male) |
| 12:48 | Research | Castle Age |
| 13:08 | Research | Horse Collar |
| 13:22 | Build | Farm |
| 13:24 | Build | Farm |
| 13:25 | Build | Farm |
| 13:38 | Build | Farm |
| 13:53 | Research | Double-Bit Axe |
| 14:20 | Build | House |
| 15:33 | Age | Castle Age |
| 15:36 | Build | Town Center |
| 15:44 | Build | Town Center |
| 15:52 | Build | Town Center |
| 15:58 | Research | Bow Saw |
| 16:13 | Research | Heavy Plow |
| 16:28 | Build | Farm |
| 16:29 | Build | Farm |
| 16:31 | Build | Farm |
| 16:33 | Build | Farm |
| 16:35 | Build | Farm |
| 16:41 | Create | Villager (Male) |
| 16:42 | Create | Villager (Male) |
| 16:42 | Create | Villager (Male) |
| 16:52 | Build | Farm |
| 17:10 | Build | Farm |
| 17:13 | Create | Villager (Male) |
| 17:14 | Create | Villager (Male) |
| 17:17 | Build | Farm |
| 17:22 | Create | Villager (Male) |
| 17:51 | Build | Farm |
| 17:55 | Create | Villager (Male) |
| 17:55 | Create | Villager (Male) |
| 17:55 | Create | Villager (Male) |
| 17:56 | Create | Villager (Male) |
| 17:56 | Create | Villager (Male) |
| 18:09 | Create | Villager (Male) |
| 18:09 | Create | Villager (Male) |
| 18:20 | Create | Villager (Male) |
| 18:20 | Create | Villager (Male) |
| 18:20 | Create | Villager (Male) |
| 18:20 | Create | Villager (Male) |
| 18:25 | Build | Farm |
| 18:35 | Build | House |
| 18:36 | Build | House |
| 19:02 | Build | Farm |
| 19:07 | Research | Wheelbarrow |
| 19:08 | Create | Villager (Male) |
| 19:08 | Create | Villager (Male) |
| 19:26 | Create | Villager (Male) |
| 19:26 | Create | Villager (Male) |
| 19:26 | Create | Villager (Male) |
| 19:38 | Create | Villager (Male) |
| 19:38 | Create | Villager (Male) |
| 19:38 | Create | Villager (Male) |
| 19:38 | Create | Villager (Male) |
| 19:38 | Create | Villager (Male) |
| 19:38 | Create | Villager (Male) |
| 19:41 | Build | Farm |
| 19:59 | Build | Monastery |
| 20:07 | Build | Farm |
| 20:08 | Build | Farm |
| 20:12 | Create | Villager (Male) |
| 20:12 | Create | Villager (Male) |
| 20:12 | Create | Villager (Male) |
| 20:13 | Create | Villager (Male) |
| 20:14 | Create | Villager (Male) |
| 20:28 | Build | Town Center |
| 20:33 | Build | Farm |
| 20:42 | Build | Farm |
| 20:47 | Build | Farm |
| 20:56 | Build | House |
| 20:58 | Build | House |
| 21:03 | Build | Farm |
| 21:06 | Build | Farm |
| 21:09 | Build | Farm |
| 21:15 | Research | Hand Cart |
| 21:15 | Create | Villager (Male) |
| 21:15 | Create | Villager (Male) |
| 21:15 | Create | Villager (Male) |
| 21:16 | Create | Villager (Male) |
| 21:35 | Create | Villager (Male) |
| 21:36 | Create | Villager (Male) |
| 21:36 | Create | Villager (Male) |
| 21:36 | Create | Villager (Male) |
| 21:50 | Build | Farm |
| 22:06 | Build | Farm |
| 22:10 | Research | Loom |
| 22:10 | Create | Villager (Male) |
| 22:10 | Create | Villager (Male) |
| 22:10 | Create | Villager (Male) |
| 22:10 | Create | Villager (Male) |
| 22:10 | Create | Villager (Male) |
| 22:11 | Create | Villager (Male) |
| 22:11 | Create | Villager (Male) |
| 22:48 | Build | Farm |
| 22:55 | Build | House |
| 22:56 | Build | House |
Build order — wyl19948
First 150 of 480 actions detected
| 0:02 | Create | Villager (Male) |
| 0:02 | Create | Villager (Male) |
| 0:02 | Create | Villager (Male) |
| 0:02 | Create | Villager (Male) |
| 0:02 | Create | Villager (Male) |
| 0:04 | Build | Mill |
| 0:10 | Build | House |
| 0:12 | Build | House |
| 1:55 | Build | Mill |
| 2:03 | Create | Villager (Male) |
| 2:03 | Create | Villager (Male) |
| 2:03 | Create | Villager (Male) |
| 2:04 | Create | Villager (Male) |
| 3:02 | Create | Villager (Male) |
| 3:02 | Create | Villager (Male) |
| 3:02 | Create | Villager (Male) |
| 3:03 | Create | Villager (Male) |
| 3:24 | Create | Villager (Male) |
| 3:24 | Create | Villager (Male) |
| 3:25 | Create | Villager (Male) |
| 4:18 | Create | Villager (Male) |
| 4:19 | Create | Villager (Male) |
| 4:19 | Create | Villager (Male) |
| 4:19 | Create | Villager (Male) |
| 4:19 | Create | Villager (Male) |
| 4:39 | Build | Lumber Camp |
| 4:54 | Research | Loom |
| 4:54 | Research | Loom |
| 5:03 | Build | House |
| 5:04 | Create | Villager (Male) |
| 5:04 | Create | Villager (Male) |
| 5:05 | Create | Villager (Male) |
| 5:05 | Create | Villager (Male) |
| 5:05 | Create | Villager (Male) |
| 5:05 | Create | Villager (Male) |
| 5:29 | Create | Villager (Male) |
| 5:29 | Create | Villager (Male) |
| 5:29 | Create | Villager (Male) |
| 5:42 | Build | House |
| 5:43 | Build | House |
| 5:47 | Create | Villager (Male) |
| 5:48 | Create | Villager (Male) |
| 5:48 | Create | Villager (Male) |
| 6:22 | Create | Villager (Male) |
| 6:22 | Create | Villager (Male) |
| 6:22 | Create | Villager (Male) |
| 6:23 | Create | Villager (Male) |
| 6:45 | Create | Villager (Male) |
| 6:46 | Create | Villager (Male) |
| 6:46 | Create | Villager (Male) |
| 6:49 | Build | House |
| 6:53 | Build | Palisade Wall |
| 6:56 | Create | Villager (Male) |
| 6:56 | Create | Villager (Male) |
| 6:57 | Create | Villager (Male) |
| 7:51 | Create | Villager (Male) |
| 7:51 | Create | Villager (Male) |
| 7:52 | Create | Villager (Male) |
| 8:33 | Create | Villager (Male) |
| 8:33 | Create | Villager (Male) |
| 8:33 | Create | Villager (Male) |
| 9:13 | Build | Mill |
| 9:40 | Build | Lumber Camp |
| 10:05 | Create | Villager (Male) |
| 10:05 | Create | Villager (Male) |
| 10:06 | Create | Villager (Male) |
| 10:06 | Create | Villager (Male) |
| 10:06 | Create | Villager (Male) |
| 10:06 | Create | Villager (Male) |
| 10:07 | Create | Villager (Male) |
| 10:25 | Create | Villager (Male) |
| 10:26 | Create | Villager (Male) |
| 10:26 | Create | Villager (Male) |
| 11:23 | Build | Lumber Camp |
| 11:36 | Build | Mining Camp |
| 11:52 | Research | Feudal Age |
| 12:01 | Build | House |
| 12:02 | Build | House |
| 12:03 | Build | House |
| 12:06 | Build | Mining Camp |
| 14:00 | Build | House |
| 14:01 | Build | House |
| 14:03 | Build | House |
| 14:26 | Age | Feudal Age |
| 14:29 | Build | Market |
| 14:38 | Build | Blacksmith |
| 14:38 | Create | Villager (Male) |
| 14:39 | Create | Villager (Male) |
| 14:55 | Research | Horse Collar |
| 15:08 | Research | Double-Bit Axe |
| 15:09 | Create | Villager (Male) |
| 15:09 | Create | Villager (Male) |
| 15:43 | Build | Farm |
| 15:43 | Build | Farm |
| 15:43 | Build | Farm |
| 15:44 | Build | Farm |
| 15:44 | Build | Farm |
| 15:44 | Build | Farm |
| 15:44 | Build | Farm |
| 15:45 | Build | Farm |
| 15:58 | Build | Farm |
| 15:59 | Build | Farm |
| 16:00 | Build | Farm |
| 16:01 | Build | Farm |
| 16:03 | Build | Farm |
| 16:04 | Build | Farm |
| 16:16 | Create | Villager (Male) |
| 16:17 | Create | Villager (Male) |
| 16:17 | Create | Villager (Male) |
| 17:05 | Create | Villager (Male) |
| 17:55 | Research | Castle Age |
| 18:18 | Build | House |
| 18:20 | Build | House |
| 18:29 | Build | House |
| 18:30 | Build | House |
| 18:31 | Build | House |
| 18:33 | Build | House |
| 18:35 | Build | House |
| 19:09 | Research | Gold Mining |
| 19:11 | Research | Stone Mining |
| 20:35 | Age | Castle Age |
| 20:45 | Build | Town Center |
| 20:53 | Build | Town Center |
| 20:54 | Create | Villager (Male) |
| 20:54 | Create | Villager (Male) |
| 20:54 | Create | Villager (Male) |
| 21:00 | Build | Town Center |
| 21:07 | Research | Heavy Plow |
| 21:09 | Research | Bow Saw |
| 21:20 | Build | House |
| 21:21 | Build | House |
| 21:22 | Build | House |
| 21:29 | Build | House |
| 21:51 | Create | Villager (Male) |
| 22:03 | Build | Mill |
| 22:11 | Build | Mill |
| 22:12 | Build | Farm |
| 22:12 | Build | Farm |
| 22:12 | Build | Farm |
| 22:12 | Build | Farm |
| 22:12 | Build | Farm |
| 22:13 | Build | Farm |
| 22:13 | Build | Farm |
| 22:13 | Build | Farm |
| 22:20 | Build | Farm |
| 22:20 | Build | Farm |
| 22:21 | Build | Farm |
| 22:22 | Build | Farm |
| 22:22 | Build | Farm |
| 22:23 | Build | Farm |
Match timeline
| 6:53 | wyl19948 · wall_segment Palisade Wall x1 |
| 9:55 | Barbabietola · first_building Barracks |
| 10:23 | revolution · age_up feudal |
| 10:26 | EastAdriano87 · first_building Barracks |
| 10:46 | HellFire · age_up feudal |
| 11:19 | supdog · age_up feudal |
| 11:31 | MANIACO DO PARQUE BARIGUI · age_up feudal |
| 11:59 | Barbabietola · age_up feudal |
| 13:33 | cookie20003175 · first_market_buy 100 food |
| 13:41 | cookie20003175 · first_market_sell 100 wood |
| 13:44 | HellFire · first_market_buy 100 food |
| 14:26 | wyl19948 · age_up feudal |
| 15:27 | supdog · age_up castle |
| 15:33 | revolution · age_up castle |
| 15:42 | supdog · first_building Monastery |
| 15:53 | Barbabietola · first_building Archery Range |
| 16:04 | revolution · first_market_buy 100 wood |
| 16:06 | HellFire · first_building Barracks |
| 16:29 | MANIACO DO PARQUE BARIGUI · age_up castle |
| 16:53 | wyl19948 · first_market_buy 100 food |
| 17:08 | EastAdriano87 · first_building Archery Range |
| 17:49 | wyl19948 · first_market_sell 100 stone |
| 18:02 | Barbabietola · age_up castle |
| 18:14 | HellFire · first_building Archery Range |
| 18:37 | HellFire · age_up castle |
| 19:05 | HellFire · first_building Siege Workshop |
| 19:29 | EastAdriano87 · first_building Castle |
| 19:59 | revolution · first_building Monastery |
| 20:25 | EastAdriano87 · first_building Monastery |
| 20:35 | wyl19948 · age_up castle |
| 22:47 | Barbabietola · first_building Monastery |
| 23:17 | EastAdriano87 · first_market_sell 100 wood |
| 23:31 | Barbabietola · first_building Castle |
| 23:41 | MANIACO DO PARQUE BARIGUI · first_building Barracks |
| 24:06 | revolution · first_building Siege Workshop |
| 24:26 | cookie20003175 · first_building Siege Workshop |
| 25:06 | MANIACO DO PARQUE BARIGUI · first_building Stable |
| 25:11 | HellFire · first_building Castle |
| 25:13 | supdog · first_building Castle |
| 25:22 | supdog · first_building Barracks |
| 26:07 | revolution · first_building Castle |
| 26:48 | cookie20003175 · first_building Castle |
| 27:10 | MANIACO DO PARQUE BARIGUI · first_building Monastery |
| 27:13 | cookie20003175 · first_building Barracks |
| 28:19 | revolution · first_market_sell 100 food |
| 28:31 | MANIACO DO PARQUE BARIGUI · first_building Castle |
| 28:37 | cookie20003175 · first_building Archery Range |
| 28:45 | MANIACO DO PARQUE BARIGUI · first_building Siege Workshop |
| 29:00 | revolution · first_building Donjon |
| 29:03 | Barbabietola · first_building Siege Workshop |
| 29:06 | wyl19948 · first_building Barracks |
| 29:36 | wyl19948 · first_building Archery Range |
| 29:51 | wyl19948 · first_building Stable |
| 29:53 | supdog · age_up imperial |
| 30:34 | wyl19948 · first_building Castle |
| 30:51 | Barbabietola · age_up imperial |
| 30:51 | EastAdriano87 · first_market_buy 100 food |
| 31:29 | Barbabietola · first_building Stable |
| 31:47 | MANIACO DO PARQUE BARIGUI · first_market_sell 100 wood |
| 31:49 | MANIACO DO PARQUE BARIGUI · first_market_buy 100 food |
| 31:50 | supdog · first_building Archery Range |
| 31:59 | wyl19948 · first_building Siege Workshop |
| 32:10 | revolution · first_building Barracks |
| 32:21 | MANIACO DO PARQUE BARIGUI · wall_segment Stone Wall x8 |
| 33:07 | revolution · age_up imperial |
| 34:29 | HellFire · age_up imperial |
| 35:02 | MANIACO DO PARQUE BARIGUI · age_up imperial |
| 35:28 | MANIACO DO PARQUE BARIGUI · wall_segment Stone Wall x8 |
| 37:11 | MANIACO DO PARQUE BARIGUI · resign |
| 37:18 | wyl19948 · age_up imperial |
| 38:22 | supdog · first_market_buy 100 food |
| 44:16 | HellFire · first_market_sell 500 stone |
[ AI ANALYSIS · 1 CREDIT ]
What really happened in this match?
Wolo.gg analyzes every decision: build order, eco, micro, common mistakes by bracket. Personalized analysis on WhatsApp or Discord in 30 seconds.
Civ guide
Celts
Perfil
Jugador #2677478